[Event "SS Manhem Chess Week 2022: IM Tournament"]
[Site "Schackcentrum, Vegagatan 20, Gothenburg, Sweden"]
[Date "2022.08.09"]
[Round "5.1"]
[White "Pantzar, Milton"]
[Black "Johnson, Daniel"]
[Result "1-0"]
[TimeControl "90 minutes for 40 moves + 30 minutes for the rest of the game + 30 seconds per move from move one."]
[WhiteTitle "IM"]
[WhiteFideId "1721003"]
[BlackFideId "1721283"]
[WhiteElo "2447"]
[BlackElo "2207"]

1. d4 d5 2. c4 e6 3. Nf3 Nf6 4. g3 Be7 5. Bg2 O-O 6. O-O dxc4 7. Qc2 a6 8. a4 Bd7 9. Qxc4 Bc6 10.
Bf4 Bd6 11. Nc3 Nbd7 12. a5 Qe7 13. Bd2 Rfd8 14. Rfd1 h6 15. Be1 Rab8 16. Rac1 Bd5 17. Qa4 Bxf3 18. Bxf3 c6 19. Bg2 e5 20.
d5 cxd5 21. Nxd5 Nxd5 22. Bxd5 Nf6 23. Bg2 e4 24. e3 Be5 25. Qb3 Rxd1 26. Rxd1 Qc5 27. Bb4 Qc6 28. Be7 b6 29. axb6 Qxb6 30.
Qxb6 Rxb6 31. Rd8+ Kh7 32. Bxf6 Rxf6 33. Bxe4+ g6 34. b3 Kg7 35. Bd3 a5 36. Bc4 Rd6 37. Ra8 Bc3 38. Ra7 Rf6 39.
f4 g5 40. Kg2 Bb4 41. Kf3 h5 42. Rd7 h4 43. e4 hxg3 44. hxg3 gxf4 45. e5 Rf5 46. gxf4 1-0

[Event "SS Manhem Chess Week 2022: IM Tournament"]
[Site "Schackcentrum, Vegagatan 20, Gothenburg, Sweden"]
[Date "2022.08.09"]
[Round "5.2"]
[White "Heimisson, Hilmir Freyr"]
[Black "Mitusov, Semen"]
[Result "1-0"]
[TimeControl "90 minutes for 40 moves + 30 minutes for the rest of the game + 30 seconds per move from move one."]
[WhiteTitle "IM"]
[BlackTitle "FM"]
[WhiteFideId "2309998"]
[BlackFideId "14151049"]
[WhiteElo "2323"]
[BlackElo "2415"]

1. d4 d5 2. c4 e6 3. Nf3 Nf6 4. g3 dxc4 5. Bg2 Bd7 6. Ne5 Bc6 7. Nxc6 Nxc6 8. O-O Qd7 9. e3 O-O-O 10. Nc3 h5 11. b3 Bb4 12. Bb2 e5 13. bxc4 Bxc3 14. Bxc3 exd4 15. exd4 Nxd4 16. Rb1 c6 17. Bxd4 Qxd4 18.
Qb3 Qb6 19. Qa3 Qa6 20. Qxa6 bxa6 21. Bxc6 Kc7 22. Bb7 Rb8 23. Bxa6 Rb6 24. Bb5 Rhb8 25. Rbe1 a6 26. Ba4 Kd6 27.
Rc1 Kc5 28. Bb3 Re8 29. Rfd1 Rb7 30. Rd3 Rbe7 31. Kg2 Re2 32. Rf3 a5 33. h3 R8e5 34. a3 Rd2 35. Ba4 Rd4 36. Bb5 h4 37.
g4 Rd8 38. Rb1 Rd6 39. Rbb3 Rd1 40. Rbe3 Re1 41. Rxe1 Rxe1 42. g5 Nh5 43. Rxf7 Re5 44. g6 Rg5+ 45. Kf3 Kb6 46. a4 Kc5 47.
Rd7 Re5 48. Rc7+ Kd4 49. c5 Rxc5 50. Rxc5 Kxc5 51. Kg4 Nf6+ 52. Kxh4 Kd4 53. f4 Ke3 54. Kg5 Kf3 55. Bc6+ Kg3 56.
h4 Ng4 57. h5 Nf2 58. h6 gxh6+ 59. Kf5 1-0

[Event "SS Manhem Chess Week 2022: IM Tournament"]
[Site "Schackcentrum, Vegagatan 20, Gothenburg, Sweden"]
[Date "2022.08.09"]
[Round "5.3"]
[White "Kucuksari, Kaan"]
[Black "Jacobsen, Mikkel Manosri"]
[Result "1-0"]
[TimeControl "90 minutes for 40 moves + 30 minutes for the rest of the game + 30 seconds per move from move one."]
[WhiteTitle "FM"]
[BlackTitle "FM"]
[WhiteFideId "6380166"]
[BlackFideId "1444514"]
[WhiteElo "2398"]
[BlackElo "2320"]

1. d4 d5 2. c4 e6 3. Nf3 Nf6 4. g3 Be7 5. Bg2 O-O 6. O-O dxc4 7. Qc2 b6 8. Bg5 Nd5 9. Bxe7 Qxe7 10.
Qxc4 Bb7 11. Ne5 c5 12. dxc5 Rc8 13. Nd2 Rxc5 14. Qa4 Nc6 15. Nd3 Ra5 16. Qd1 Ndb4 17. Nc4 Rg5 18. h4 Rh5 19.
Bf3 Rf5 20. Nxb4 Nxb4 21. Bxb7 Qxb7 22. Nd6 Qe7 23. Nxf5 exf5 24. Qb3 f4 25. Qf3 Re8 26. Qxf4 h6 27. Rfd1 g5 28. hxg5 hxg5 29.
Qc4 b5 30. Qxb5 Nc2 31. Rac1 Ne3 32. Rc7 Qe4 33. Qxg5+ 1-0

[Event "SS Manhem Chess Week 2022: IM Tournament"]
[Site "Schackcentrum, Vegagatan 20, Gothenburg, Sweden"]
[Date "2022.08.09"]
[Round "5.4"]
[White "Ingebretsen, Jens E"]
[Black "Olsson, William"]
[Result "1-0"]
[TimeControl "90 minutes for 40 moves + 30 minutes for the rest of the game + 30 seconds per move from move one."]
[WhiteTitle "FM"]
[BlackTitle "FM"]
[WhiteFideId "1522965"]
[BlackFideId "1741721"]
[WhiteElo "2325"]
[BlackElo "2311"]

1. d4 d5 2. Nf3 Nf6 3. Bf4 Bf5 4. e3 Nbd7 5. c4 e6 6. Nc3 c6 7. Qb3 Qb6 8. c5 Qxb3 9. axb3 a6 10.
b4 Rc8 11. h3 Be7 12. Nd2 Bd8 13. Nb3 Bc7 14. Bxc7 Rxc7 15. b5 cxb5 16. Nxb5 axb5 17. Ra8+ Ke7 18. Rxh8 Nf8 19. Bxb5 b6 20.
Ke2 1-0

[Event "SS Manhem Chess Week 2022: IM Tournament"]
[Site "Schackcentrum, Vegagatan 20, Gothenburg, Sweden"]
[Date "2022.08.09"]
[Round "5.5"]
[White "Ernst, Thomas"]
[Black "Rydstrom, Tom"]
[Result "0-1"]
[TimeControl "90 minutes for 40 moves + 30 minutes for the rest of the game + 30 seconds per move from move one."]
[WhiteTitle "GM"]
[BlackTitle "FM"]
[WhiteFideId "1700065"]
[BlackFideId "1714830"]
[WhiteElo "2323"]
[BlackElo "2304"]

1. e4 e5 2. Nf3 Nc6 3. Bb5 a6 4. Ba4 Nf6 5. O-O b5 6. Bb3 Bc5 7. a4 Rb8 8. c3 d6 9. d4 Bb6 10.
Na3 O-O 11. axb5 axb5 12. Nxb5 Bg4 13. d5 Ne7 14. Bc2 Qd7 15. c4 Ng6 16. h3 Bxh3 17. gxh3 Qxh3 18. Ng5 Qg3+ 19. Kh1 Qh4+ 20. Kg2 Nf4+ 21. Bxf4 exf4 22. Nf3 Qg4+ 23. Kh1 Rfe8 24. Nc3 Re5 25.
Nxe5 Qh3+ 26. Kg1 dxe5 0-1

[Event "SS Manhem Chess Week 2022: IM Tournament"]
[Site "Schackcentrum, Vegagatan 20, Gothenburg, Sweden"]
[Date "2022.08.10"]
[Round "6.1"]
[White "Heimisson, Hilmir Freyr"]
[Black "Pantzar, Milton"]
[Result "0-1"]
[TimeControl "90 minutes for 40 moves + 30 minutes for the rest of the game + 30 seconds per move from move one."]
[WhiteTitle "IM"]
[BlackTitle "IM"]
[WhiteFideId "2309998"]
[BlackFideId "1721003"]
[WhiteElo "2323"]
[BlackElo "2447"]

1. c4 e6 2. Nf3 d5 3. d4 Nf6 4. Nc3 c6 5. e3 Nbd7 6. Be2 Be7 7. O-O O-O 8. b3 b6 9. Bb2 Bb7 10.
Bd3 Rc8 11. Qe2 Qc7 12. Rac1 Qb8 13. Rfd1 Rfe8 14. Rc2 h6 15. h3 c5 16. cxd5 exd5 17. Bb5 Red8 18. Na4 Ne4 19. Rdc1 Nf8 20.
Ba3 Ne6 21. Nd2 Nxd2 22. Qxd2 Bg5 23. f4 Bf6 24. dxc5 d4 25. Kh1 dxe3 26. Qxe3 Nd4 27. Bd3 b5 28. Nc3 Nxc2 29. Rxc2 Bd4 30. Qg3 Bxc5 31. Nxb5 Bxa3 32. Nxa3 Qd6 33.
Bf5 Qxa3 34. Bxc8 Rxc8 35. Re2 Qd6 36. Qe3 Qb6 37. Qd2 Rd8 38. Qc2 Qd6 39. Rf2 Qd1+ 40. Kh2 Qxc2 41. Rxc2 Be4 42.
Re2 f5 43. g4 Rc8 0-1

[Event "SS Manhem Chess Week 2022: IM Tournament"]
[Site "Schackcentrum, Vegagatan 20, Gothenburg, Sweden"]
[Date "2022.08.10"]
[Round "6.2"]
[White "Rydstrom, Tom"]
[Black "Kucuksari, Kaan"]
[Result "0-1"]
[TimeControl "90 minutes for 40 moves + 30 minutes for the rest of the game + 30 seconds per move from move one."]
[WhiteTitle "FM"]
[BlackTitle "FM"]
[WhiteFideId "1714830"]
[BlackFideId "6380166"]
[WhiteElo "2304"]
[BlackElo "2398"]

1. e4 c5 2. Nc3 Nc6 3. Bc4 e6 4.
f4 Nf6 5. e5 d5 6. Bb5 Nd7 7. Nf3 Qc7 8. O-O a6 9. Bxc6 Qxc6 10. d3 b5 11. Bd2 Be7 12. Qe1 Bb7 13. Qg3 g6 14.
Kh1 O-O-O 15. a4 b4 16. Ne2 a5 17. Rfc1 h6 18. c3 b3 19. c4 d4 20. Rg1 g5 21. Nc1 gxf4 22. Qf2 Rdg8 23.
Nxb3 Rxg2 24. Kxg2 Nxe5 25. Nxa5 Qxf3+ 26. Qxf3 Bxf3+ 27. Kf1 Nxd3 28.
Ra3 Be4 29. Nc6 Bg5 30. Na7+ Kd7 31. Nb5 f3 32. Be1 Nxb2 33. h4 Be3 34. Rg7 Ke7 35. h5 Kf8 36. Rg4 f5 37. Rg6 Nxc4 38.
Rb3 Bc2 39. Nxd4 cxd4 40. Rb8+ Ke7 41. Bh4+ Kd6 42. Rxh8 Nd2+ 43. Ke1 Ne4 44. a5 d3 45. Rd8+ Ke5 46. Kf1 d2 47. Bf2 Nd6 48.
Bg3+ f4 0-1

[Event "SS Manhem Chess Week 2022: IM Tournament"]
[Site "Schackcentrum, Vegagatan 20, Gothenburg, Sweden"]
[Date "2022.08.10"]
[Round "6.3"]
[White "Johnson, Daniel"]
[Black "Ernst, Thomas"]
[Result "0-1"]
[TimeControl "90 minutes for 40 moves + 30 minutes for the rest of the game + 30 seconds per move from move one."]
[BlackTitle "GM"]
[WhiteFideId "1721283"]
[BlackFideId "1700065"]
[WhiteElo "2207"]
[BlackElo "2323"]

1. d4 Nf6 2. Nc3 d5 3. Bf4 e6 4. Nb5 Na6 5. e3 c6 6. Nc3 Nc7 7. a3 Bd6 8. Qf3 b5 9. Bd3 a5 10.
Nge2 Ba6 11. O-O O-O 12. g4 b4 13. g5 Bxd3 14. cxd3 bxc3 15. gxf6 Qxf6 16. bxc3 Bxf4 17. Nxf4 e5 18.
dxe5 Qxe5 19. c4 dxc4 20. Qxc6 cxd3 21. Rad1 Rad8 22. Rxd3 Rxd3 23. Nxd3 Qg5+ 24. Kh1 Ne6 25. Qe4 Rd8 26.
Rc1 Qh5 27. Ne5 h6 28. Nc6 Ng5 29. Qf5 g6 30. Qf6 Rd1+ 31. Rxd1 Qxd1+ 32. Kg2 Qg4+ 33. Kf1 Ne4 34. Qd8+ Kg7 35.
Ne7 Qf3 36. Qg8+ Kf6 37. Qh8+ Ke6 38. Qb2 Kxe7 39. Qe5+ Kd7 40. Qd5+ Kc7 41. Qxa5+ Kd6 42. Qb4+ Ke6 43. Qb3+ Kf6 44.
Qb2+ Kg5 45. a4 Qh1+ 46. Ke2 Qxh2 47. Kf3 f5 48. a5 Qh1+ 49. Ke2 Qg2 50. Qb4 Qxf2+ 51. Kd3 Qa2 52. Qe7+ Kg4 0-1

[Event "SS Manhem Chess Week 2022: IM Tournament"]
[Site "Schackcentrum, Vegagatan 20, Gothenburg, Sweden"]
[Date "2022.08.10"]
[Round "6.4"]
[White "Mitusov, Semen"]
[Black "Olsson, William"]
[Result "1-0"]
[TimeControl "90 minutes for 40 moves + 30 minutes for the rest of the game + 30 seconds per move from move one."]
[WhiteTitle "FM"]
[BlackTitle "FM"]
[WhiteFideId "14151049"]
[BlackFideId "1741721"]
[WhiteElo "2415"]
[BlackElo "2311"]

1. e4 c5 2. Nf3 d6 3. d4 cxd4 4. Nxd4 Nf6 5. Nc3 g6 6. Be3 Bg7 7. f3 O-O 8. Qd2 Nc6 9. O-O-O d5 10.
Nxc6 bxc6 11. exd5 Nxd5 12. Bd4 e5 13. Bc5 Be6 14. Ne4 Re8 15. h4 h6 16. c4 Nb6 17. Qc2 Qc7 18. Bd6 Qc8 19.
a4 Bf5 20. a5 Nd7 21. c5 Nf6 22. Nxf6+ Bxf6 23. Bd3 Bxd3 24. Rxd3 e4 25. Re3 Qd8 26. fxe4 Qxa5 27. e5 Bg7 28.
h5 g5 29. Kb1 Qb4 30. Rf1 Rab8 31. Bxb8 Qxb8 32. Qf5 Re7 33. Rfe1 Re6 34. R1e2 a5 35. Ka2 Qb4 36. Rd3 Qxc5 37.
Rd7 Bf6 38. Re1 Qc4+ 39. Kb1 Qb4 40. Red1 Be7 41. Rf1 Kh8 42. Qc2 Kg8 43. Rxf7 Kxf7 44. Qf5+ Ke8 45. Qxe6 Qe4+ 46. Kc1 Qe1+ 47.
Kc2 Qe4+ 48. Rd3 Qe2+ 49. Kc3 Qe1+ 50. Kb3 Qb4+ 51. Kc2 Qa4+ 52. Kb1 Qe4 53. Qg6+ 1-0

[Event "SS Manhem Chess Week 2022: IM Tournament"]
[Site "Schackcentrum, Vegagatan 20, Gothenburg, Sweden"]
[Date "2022.08.10"]
[Round "6.5"]
[White "Jacobsen, Mikkel Manosri"]
[Black "Ingebretsen, Jens E"]
[Result "1/2-1/2"]
[TimeControl "90 minutes for 40 moves + 30 minutes for the rest of the game + 30 seconds per move from move one."]
[WhiteTitle "FM"]
[BlackTitle "FM"]
[WhiteFideId "1444514"]
[BlackFideId "1522965"]
[WhiteElo "2320"]
[BlackElo "2325"]

1. c4 Nf6 2. Nc3 g6 3. Nf3 Bg7 4. d4 d6 5. e3 O-O 6. Be2 c5 7. d5 e6 8. O-O exd5 9. cxd5 Re8 10.
Nd2 Na6 11. e4 Rb8 12. f3 Nh5 13. f4 Bd4+ 14. Kh1 Ng7 15. f5 gxf5 16. Bb5 Rf8 17. exf5 Bxf5 18. Nde4 Nc7 19. Bd3 Bg6 20.
Bg5 f6 21. Bf4 Be5 22. Ng3 Qe7 23. Qc2 Bxd3 24. Qxd3 b5 25. Bh6 b4 26. Nce4 Nce8 27. Nf5 Qd7 28. Qh3 Kh8 29. Ng5 fxg5 30.
Nxg7 Nf6 31. Ne6 Rf7 32. Nxg5 Re7 33. Qf3 Qg4 34. Rae1 Qxf3 35. Nxf3 Rbe8 36. Nxe5 Rxe5 37. Rxe5 Rxe5 38.
g4 Ng8 39. Rf8 Rxd5 40. Kg2 Rd3 41. h4 c4 42. h5 c3 43. bxc3 bxc3 44. Rc8 c2 45. Bg5 Kg7 46. Rxc2 Rd5 47.
Rc7+ Kf8 48. Bf4 Nf6 49. Rxa7 Nxg4 50. h6 Nf6 51. a4 Rd4 52. Kf3 Rd3+ 53. Ke2 Rd4 54. Ke3 Rd1 55. Bg5 Nd5+ 56. Ke4 Nc3+ 57. Kf5 Rd5+ 58.
Kg4 Rd4+ 59. Kh5 Ne4 60. Bh4 Nc5 61.
Rxh7 Ne6 62. Ra7 Nf4+ 63. Kg5 Nh3+ 64. Kf6 Rf4+ 65. Ke6 Re4+ 66. Kxd6 Rxh4 67. h7 Rh6+ 68. Ke5 Ng5 69. Ra8+ Ke7 70.
a5 Nf7+ 71. Kd5 Rxh7 72. a6 Rh5+ 73. Kc6 Ne5+ 74. Kb7 Nd7 75. a7 Rb5+ 76. Ka6 Rb6+ 77. Ka5 Rb7 78. Re8+ Kxe8 79. a8=Q+ Rb8 80.
Qxb8+ Nxb8 1/2-1/2

[Event "SS Manhem Chess Week 2022: IM Tournament"]
[Site "Schackcentrum, Vegagatan 20, Gothenburg, Sweden"]
[Date "2022.08.10"]
[Round "7.1"]
[White "Pantzar, Milton"]
[Black "Mitusov, Semen"]
[Result "1-0"]
[TimeControl "90 minutes for 40 moves + 30 minutes for the rest of the game + 30 seconds per move from move one."]
[WhiteTitle "IM"]
[BlackTitle "FM"]
[WhiteFideId "1721003"]
[BlackFideId "14151049"]
[WhiteElo "2447"]
[BlackElo "2415"]

1. d4 d5 2. c4 e6 3. Nf3 Nf6 4. g3 Be7 5. Bg2 O-O 6. O-O dxc4 7. Qc2 a6 8. a4 Bd7 9. Qxc4 Bc6 10.
Bf4 Nbd7 11. Nc3 Bd6 12. Bd2 e5 13. e4 Bxe4 14. Nxe4 Nxe4 15. Ba5 exd4 16. Nxd4 Qg5 17. Nb3 Ndc5 18.
Bxe4 Nxb3 19. Qxb3 Qxa5 20. Qd3 g6 21. Bxb7 Ra7 22. Bd5 Bb4 23. b3 c5 24. Rac1 Qb6 25. Qf3 Rd8 26. Rfd1 Rd6 27.
Bc4 Kg7 28. Rxd6 Qxd6 29. Rd1 Qe7 30. Rd3 a5 31. Qd5 Rc7 32. Re3 Qd7 33. Qe5+ f6 34. Qe4 Qc6 35. Qxc6 Rxc6 36. Re7+ Kh8 37.
Rd7 Bc3 38. g4 h6 39. Kg2 f5 40. gxf5 gxf5 41. Kf3 Rg6 42. h3 Rg7 43. Rd5 Rc7 44. Rxf5 Kg7 45. Kg4 Bd4 46. f4 Bf6 47.
Rd5 Be7 48. h4 Rb7 49. h5 Ra7 50. Re5 Rd7 51. Re6 Bf6 52. Kf5 Rf7 53. Ra6 Rf8 54. Ra7+ Kh8 55. Kg6 Bg7 56. Bf7 Bc3 57. Kxh6 Bd2 58. Kg6 Bxf4 59. Bd5 1-0

[Event "SS Manhem Chess Week 2022: IM Tournament"]
[Site "Schackcentrum, Vegagatan 20, Gothenburg, Sweden"]
[Date "2022.08.10"]
[Round "7.2"]
[White "Kucuksari, Kaan"]
[Black "Johnson, Daniel"]
[Result "1-0"]
[TimeControl "90 minutes for 40 moves + 30 minutes for the rest of the game + 30 seconds per move from move one."]
[WhiteTitle "FM"]
[WhiteFideId "6380166"]
[BlackFideId "1721283"]
[WhiteElo "2398"]
[BlackElo "2207"]

1. d4 d5 2. Nf3 Nf6 3. e3 e6 4. Bd3 Nbd7 5. O-O Bd6 6. Nbd2 O-O 7. Re1 e5 8. e4 dxe4 9. Nxe4 Nxe4 10.
Rxe4 f5 11. Bc4+ Kh8 12. Re1 Qf6 13. Bg5 Qg6 14. dxe5 Nxe5 15. Nxe5 Qxg5 16. Qxd6 1-0

[Event "SS Manhem Chess Week 2022: IM Tournament"]
[Site "Schackcentrum, Vegagatan 20, Gothenburg, Sweden"]
[Date "2022.08.10"]
[Round "7.3"]
[White "Ingebretsen, Jens E"]
[Black "Rydstrom, Tom"]
[Result "1-0"]
[TimeControl "90 minutes for 40 moves + 30 minutes for the rest of the game + 30 seconds per move from move one."]
[WhiteTitle "FM"]
[BlackTitle "FM"]
[WhiteFideId "1522965"]
[BlackFideId "1714830"]
[WhiteElo "2325"]
[BlackElo "2304"]

1. c4 e5 2. Nc3 Nc6 3. Nf3 Bb4 4. g3 d6 5. Bg2 f5 6. Nd5 a5 7. O-O Nf6 8. d4 Nxd5 9. cxd5 Nxd4 10.
Nxd4 exd4 11. Qxd4 O-O 12. Qd3 Bd7 13. Be3 b6 14. Rfc1 Bc5 15. Bd2 Qe8 16. e3 Qh5 17. b3 f4 18.
exf4 Bf5 19. Qc4 Qg6 20. a3 Bd3 21. Qc3 Rfe8 22. b4 Bxf2+ 23. Kxf2 Re2+ 24. Kg1 Be4 25. Bf1 Qh5 26. h3 Bxd5 27.
g4 Qe8 28. Qd3 Qe4 29. Qxe4 Rxe4 30. Rxc7 axb4 31. Bg2 Rd4 32. Bxd5+ Rxd5 33. Bxb4 1-0

[Event "SS Manhem Chess Week 2022: IM Tournament"]
[Site "Schackcentrum, Vegagatan 20, Gothenburg, Sweden"]
[Date "2022.08.10"]
[Round "7.4"]
[White "Olsson, William"]
[Black "Jacobsen, Mikkel Manosri"]
[Result "1-0"]
[TimeControl "90 minutes for 40 moves + 30 minutes for the rest of the game + 30 seconds per move from move one."]
[WhiteTitle "FM"]
[BlackTitle "FM"]
[WhiteFideId "1741721"]
[BlackFideId "1444514"]
[WhiteElo "2311"]
[BlackElo "2320"]

1. c4 g6 2. g3 Bg7 3. Bg2 e5 4. Nc3 Ne7 5. Rb1 c6 6. e4 O-O 7. Nge2 f5 8. d3 d6 9. O-O Be6 10.
b4 f4 11. gxf4 exf4 12. Nxf4 Rxf4 13. Bxf4 Bxc3 14. d4 a5 15. d5 cxd5 16. cxd5 Bf7 17. bxa5 Na6 18. Qb3 Bxa5 19. Bh6 Nc7 20.
Qxb7 Ne8 21. Bg5 Bc7 22. Bxe7 Qxe7 23.
Qxa8 Qh4 24. Rb7 Kg7 25. Qc8 Bd8 26. Qd7 Qf4 27. Qxe8 Bh4 28. Rxf7+ Qxf7 29. Qxf7+ Kxf7 30. a4 Bd8 31.
Rb1 1-0

[Event "SS Manhem Chess Week 2022: IM Tournament"]
[Site "Schackcentrum, Vegagatan 20, Gothenburg, Sweden"]
[Date "2022.08.10"]
[Round "7.5"]
[White "Ernst, Thomas"]
[Black "Heimisson, Hilmir Freyr"]
[Result "1/2-1/2"]
[TimeControl "90 minutes for 40 moves + 30 minutes for the rest of the game + 30 seconds per move from move one."]
[WhiteTitle "GM"]
[BlackTitle "IM"]
[WhiteFideId "1700065"]
[BlackFideId "2309998"]
[WhiteElo "2323"]
[BlackElo "2323"]

1. e4 c5 2. Nf3 d6 3. d4 cxd4 4. Nxd4 Nf6 5. Nc3 Nc6 6. Bg5 e6 7. Qd2 a6 8. O-O-O Bd7 9. f4 h6 10.
Bh4 b5 11. Bxf6 gxf6 12. Nxc6 Bxc6 13. Qe3 Qe7 14. Bd3 Qa7 15. Qe1 Be7 16. Kb1 Qc5 17. Rf1 Rg8 18. g3 a5 19. Qf2 Qxf2 20.
Rxf2 Rb8 21. Ne2 Bd8 22. Nd4 Bd7 23. Rfd2 Ke7 24. Be2 b4 25. Bc4 Bb6 26. Bb5 Bxd4 27. Bxd7 Bc5 28. Ba4 h5 29.
Rg2 Rg7 30. Rd3 Rbg8 31. c3 h4 32. cxb4 axb4 33. Bd1 hxg3 34. Rdxg3 Rxg3 35. Rxg3 Rh8 36. h3 Rh4 37. Rf3 Rh8 38.
Rg3 Bf2 39. Rf3 Be1 40. a3 Rg8 41. f5 Rg1 42. Ka2 Rg2 43. Re3 Bd2 44. Re2 Rxe2 45. Bxe2 bxa3 46. bxa3 d5 47. exd5 Kd6 48.
dxe6 fxe6 49. fxe6 Kxe6 50. Kb3 Kf5 51. Kc4 Kg5 52. Kd5 f5 53. Ke6 Bc3 54. a4 Kh4 1/2-1/2

[Event "SS Manhem Chess Week 2022: IM Tournament"]
[Site "Schackcentrum, Vegagatan 20, Gothenburg, Sweden"]
[Date "2022.08.11"]
[Round "8.1"]
[White "Pantzar, Milton"]
[Black "Ernst, Thomas"]
[Result "1-0"]
[TimeControl "90 minutes for 40 moves + 30 minutes for the rest of the game + 30 seconds per move from move one."]
[WhiteTitle "IM"]
[BlackTitle "GM"]
[WhiteFideId "1721003"]
[BlackFideId "1700065"]
[WhiteElo "2447"]
[BlackElo "2323"]

1. d4 Nf6 2. c4 g6 3. Nc3 d5 4. cxd5 Nxd5 5. e4 Nxc3 6. bxc3 Bg7 7. Nf3 c5 8. Rb1 O-O 9. Be2 cxd4 10.
cxd4 Qa5+ 11. Bd2 Qxa2 12. O-O b6 13. Qc1 Bb7 14. Bc4 Qa4 15. Bb5 Qa2 16. Bc4 Qa4 17. Bb5 Qa2 18. Re1 Rc8 19. Qd1 Qc2 20. Qe2 Nc6 21.
Bd3 Qa2 22. Bc4 Qa4 23. Bb3 Qa6 24. Qe3 Na5 25. Bxf7+ Kxf7 26. Ng5+ Ke8 27. Qf3 Bh6 28. Qf7+ Kd7 29. Qe6+ Ke8 30.
Nxh7 1-0

[Event "SS Manhem Chess Week 2022: IM Tournament"]
[Site "Schackcentrum, Vegagatan 20, Gothenburg, Sweden"]
[Date "2022.08.11"]
[Round "8.2"]
[White "Heimisson, Hilmir Freyr"]
[Black "Kucuksari, Kaan"]
[Result "0-1"]
[TimeControl "90 minutes for 40 moves + 30 minutes for the rest of the game + 30 seconds per move from move one."]
[WhiteTitle "IM"]
[BlackTitle "FM"]
[WhiteFideId "2309998"]
[BlackFideId "6380166"]
[WhiteElo "2323"]
[BlackElo "2398"]

1. d4 Nf6 2. c4 g6 3. Nf3 Bg7 4. g3 O-O 5. Bg2 d6 6. O-O Nbd7 7. Nc3 e5 8. e4 exd4 9. Nxd4 Re8 10.
h3 Nc5 11. Re1 Bd7 12. Rb1 a5 13. Kh2 h5 14. Bf4 h4 15. g4 Nh7 16. Kh1 g5 17. Be3 Be5 18. Qd2 Bc6 19. Nf5 Re6 20. Rbd1 Nd7 21. Nd5 Ndf8 22. f4 gxf4 23. Nxf4 Bxf4 24.
Bxf4 Ng6 25. Bh6 Qf6 26. g5 Qd8 27. c5 Qd7 28. Qc3 Re5 29. cxd6 Rae8 30. Ne7+ R8xe7 31. dxe7 Qxe7 32. Qd4 Nxg5 33. Qd8+ Qxd8 34. Rxd8+ Kh7 35.
Bxg5 Rxg5 36. Rf1 Ne5 37. Rf4 Kg7 38. Rxh4 f5 39. Rf4 Ng6 40. Rf2 fxe4 41. Kh2 e3 42. Rc2 Nh4 43. Bxc6 bxc6 44.
Rd1 Nf3+ 45. Kh1 Re5 46. Re2 c5 47. Rf1 Nd4 48. Rg2+ Kh6 49. Rf8 Kh7 50. Rf7+ Kh6 51. Rf8 Kh7 52.
Rf4 Nf3 53. Re2 Nd4 54. Rg2 Nf3 55. Rf7+ Kh6 56. Rf6+ Kh7 57. Rxf3 e2 58. Rg1 e1=Q 59. Rxe1 Rxe1+ 60. Kg2 Kg6 61.
Kg3 Rg1+ 62. Kf4 Kf6 63. Rf2 Rh1 64. a3 a4 65. Rf3 Rb1 66. Rf2 Rh1 67. Kg4+ Ke5 68. Rg2 c4 69. h4 Kd4 70.
h5 c3 71. bxc3+ Kxc3 72. Rg3+ Kb2 73. Rh3 Rg1+ 74. Kf4 c5 75. Ke4 c4 76. h6 Rg8 77. h7 Rh8 78. Rh2+ Kxa3 79. Kd4 Kb3 80.
Rh3+ Kb4 81. Rh6 c3 82. Kd3 a3 83. Rb6+ Ka5 84. Rb7 a2 85.
Ra7+ Kb4 86. Rb7+ Kc5 87. Ra7 Rxh7 88. Rxa2 Rh3+ 89. Ke4 Kc4 90. Ra8 c2 91. Rc8+ Kb3 92. Kd4 Rh1 93. Rb8+ Ka4 94.
Ra8+ Kb5 0-1

[Event "SS Manhem Chess Week 2022: IM Tournament"]
[Site "Schackcentrum, Vegagatan 20, Gothenburg, Sweden"]
[Date "2022.08.11"]
[Round "8.3"]
[White "Johnson, Daniel"]
[Black "Ingebretsen, Jens E"]
[Result "0-1"]
[TimeControl "90 minutes for 40 moves + 30 minutes for the rest of the game + 30 seconds per move from move one."]
[BlackTitle "FM"]
[WhiteFideId "1721283"]
[BlackFideId "1522965"]
[WhiteElo "2207"]
[BlackElo "2325"]

1. d4 Nf6 2. c4 e6 3. Nc3 Bb4 4. Qc2 O-O 5. Nf3 d5 6. a3 Bxc3+ 7. Qxc3 b6 8. Bg5 Nbd7 9. cxd5 exd5 10.
Qc6 Ba6 11. e3 Bxf1 12. Kxf1 Qe7 13. Ke2 Rac8 14. Rhc1 Qe4 15. b4 Qf5 16. Bf4 Ne4 17. b5 Rfe8 18. Ra2 Nf8 19. Rac2 Ne6 20.
Be5 f6 21. Bg3 g5 22. Kf1 h5 23. Qd7 Rcd8 24. Qc6 Re7 25. Qb7 h4 26.
Bxc7 h3 27. Qa6 hxg2+ 28. Kxg2 Nxc7 29. Rxc7 Qg4+ 30. Kf1 Qxf3 31. R7c2 Nxf2 0-1

[Event "SS Manhem Chess Week 2022: IM Tournament"]
[Site "Schackcentrum, Vegagatan 20, Gothenburg, Sweden"]
[Date "2022.08.11"]
[Round "8.4"]
[White "Mitusov, Semen"]
[Black "Jacobsen, Mikkel Manosri"]
[Result "1/2-1/2"]
[TimeControl "90 minutes for 40 moves + 30 minutes for the rest of the game + 30 seconds per move from move one."]
[WhiteTitle "FM"]
[BlackTitle "FM"]
[WhiteFideId "14151049"]
[BlackFideId "1444514"]
[WhiteElo "2415"]
[BlackElo "2320"]

1. e4 c6 2. d4 d5 3. e5 Bf5 4. Nf3 e6 5. Be2 Ne7 6. O-O c5 7. Be3 Nbc6 8. dxc5 Bg4 9. Bd4 Nf5 10.
c3 Be7 11. Nbd2 O-O 12. h3 Bxf3 13. Nxf3 b6 14. cxb6 Nfxd4 15. cxd4 Qxb6 16. Rc1 Rfc8 17. Qa4 Rab8 18. a3 Qxb2 19. Rxc6 Rxc6 20. Qxc6 Qxe2 21. Qc7 Re8 22. Qd7 Kf8 23.
Rc1 g5 24. a4 h5 25. Re1 Qd3 26. Qxa7 g4 27. hxg4 hxg4 28. Nh2 g3 29. Nf3 gxf2+ 30. Kxf2 Rc8 31. Re2 Bb4 32. Qb7 Rc4 33. Qb8+ Kg7 34. Qd8 Qf5 35.
Ra2 Be1+ 36. Kf1 Bh4 37. Qxh4 Qb1+ 38. Ne1 Qxa2 39. Qg5+ Kf8 40. Qd8+ Kg7 41. Qg5+ 1/2-1/2

[Event "SS Manhem Chess Week 2022: IM Tournament"]
[Site "Schackcentrum, Vegagatan 20, Gothenburg, Sweden"]
[Date "2022.08.11"]
[Round "8.5"]
[White "Rydstrom, Tom"]
[Black "Olsson, William"]
[Result "1-0"]
[TimeControl "90 minutes for 40 moves + 30 minutes for the rest of the game + 30 seconds per move from move one."]
[WhiteTitle "FM"]
[BlackTitle "FM"]
[WhiteFideId "1714830"]
[BlackFideId "1741721"]
[WhiteElo "2304"]
[BlackElo "2311"]

1. e4 c5 2. Nf3 d6 3. d4 cxd4 4. Nxd4 Nf6 5. Nc3 g6 6. Be3 Bg7 7. f3 Nc6 8. Qd2
O-O 9. Bc4 Bd7 10. h4 h5 11. O-O-O Rc8 12. Nxc6 Bxc6 13. Bb3 b5 14. Bxa7 Qa5 15.
Bd4 e5 16. Be3 b4 17. Nd5 Nxd5 18. Bxd5 Ba4 19. b3 Bc6 20. a4 Bxa4 21. bxa4
Qxa4 22. c4 bxc3 23. Qa2 Qb5 24. Qb3 Qe2 25. Rhe1 Qxg2 26. Qc2 Qxf3 27. Qe2 Qh3
28. Rg1 Kh7 29. Rgf1 Rc7 30. Rf3 Qd7 31. Rdf1 Qa4 32. Qa2 Qb5 33. Qb3 Qa6 34.
Bxf7 Rb7 35. Qa2 Qd3 36. Qc2 Qa6 37. Qa2 Qd3 38. Qc2 Qa6 39. Qa2 Qd3 40. Bg5
Qxe4 41. Qc2 Qxc2+ 42. Kxc2 Rb2+ 43. Kd3 Rc8 44. Rg3 c2 45. Bc1 e4+ 46. Ke2 Rb7
47. Bxg6+ Kh8 48. Rg5 Bb2 49. Bxe4 Re8 50. Kd3 Bxc1 51. Rxh5+ Kg8 52. Bxb7 {The game was played in advance on August 5 2022 on a non
electronic board. Clock times are not correct.} 1-0